 Dungeon Crawl Stone Soup version 0.22.0-27-ga576289 (webtiles) character file.

137 leisz the Skirmisher (level 5, -8/47 HPs)
             Began as a Hill Orc Abyssal Knight on Aug 21, 2018.
             Was a Believer of Lugonu.
             Killed by divine providence
             ... invoked by an orc priest
              (10 damage)
             ... on level 3 of the Dungeon.
             The game lasted 00:12:36 (2292 turns).

leisz the Skirmisher (Hill Orc Abyssal Knight)      Turns: 2292, Time: 00:12:36

Health: -8/47      AC:  3    Str: 16    XL:     5   Next: 20%
Magic:  8/8        EV: 11    Int: 12    God:    Lugonu [**....]
Gold:   94         SH:  0    Dex: 10    Spells: 4/4 levels left

rFire    . . .     SeeInvis .   a - +1 falchion
rCold    . . .     Gourm    .   (no shield)
rNeg     . . .     Faith    .   b - +0 leather armour
rPois    .         Spirit   .   (no helmet)
rElec    .         Reflect  .   (no cloak)
rCorr    .         Harm     .   (no gloves)
MR       .....                  (no boots)
Stlth    +.........             (no amulet)
HPRegen  0.15/turn              (no ring)
MPRegen  0.11/turn              (no ring)

@: slowed, very slow
A: no striking features
a: Depart the Abyss, Bend Space, Renounce Religion, Convert to Beogh


You were on level 3 of the Dungeon.
You worshipped Lugonu.
Lugonu was pleased with you.
You were not hungry.

You visited 1 branch of the dungeon, and saw 3 of its levels.
You visited the Abyss 1 time.

You collected 94 gold pieces.

Inventory:

Hand Weapons
 a - a +1 falchion (weapon)
Missiles
 e - 45 stones (quivered)
Armour
 b - a +0 leather armour (worn)
Scrolls
 d - 4 scrolls of identify {unknown}
 k - 3 scrolls of teleportation {unknown}
 l - a scroll of remove curse {unknown}
 m - a scroll of amnesia {unknown}
Potions
 f - a potion of haste {unknown}
 g - 2 potions of flight {unknown}
 i - 2 potions of curing {unknown}
 j - 2 potions of lignification {unknown}
Comestibles
 c - 5 rations
 h - a chunk of flesh


   Skills:
 + Level 4.6 Fighting
 + Level 3.3 Long Blades
 + Level 3.4 Armour
 - Level 0.7 Dodging
 + Level 4.0 Invocations


You had 4 spell levels left.
You didn't know any spells.
Your spell library contained the following spells:

 Spells                   Type           Power        Failure   Level  Hunger
 Magic Dart               Conj           #...         36%         1    ##.....
 Blink                    Tloc           N/A          52%         2    ###....
 Call Imp                 Summ           #.......     52%         2    ###....
 Slow                     Hex            #.......     52%         2    ###....
 Conjure Flame            Conj/Fire      #.......     75%         3    ####...
 Mephitic Cloud           Conj/Pois/Air  #.......     75%         3    ####...


Dungeon Overview and Level Annotations

Branches:
Dungeon (3/15)

Altars:
Kikubaaqudgha

Annotations:
D:3 Natasha


Message History

* * * LOW HITPOINT WARNING * * *
The orc barely misses you.
The orc priest looks encouraged for a moment.
The orc priest looks satisfied for a moment.
The orc hits you but does no damage.
Natasha, Servant of Life and Death comes into view.
Natasha hisses angrily.
You hit the orc.
The orc is heavily wounded.
The orc priest looks braver for a moment.
Natasha casts a spell.
The orc barely misses you.
You hit the orc.
You kill the orc!
Lugonu accepts your kill. Natasha claws you.
* * * LOW HITPOINT WARNING * * *
The orc priest calls down the wrath of Beogh upon you.
Beogh smites you!
You die...

....................#.#####
...........................
.........#.....<(.........#
....................#######
.............#...##÷.#
......<......#.....h.############
##...)......#....................
##.............###...####........
.....##.....####@h...# ##....÷..
.............###o#...# #...(...
##...#...........#...# #.......
#................##.### #.......
##....)...........##...# #.....).
#...).............####.##........
..###....#######....)(...........
####.............#####(###.......
.........######### .# ########


You could see an orc priest and Natasha.

Vanquished Creatures
  Natasha (D:3)
  4 adders
  A worm (D:2)
  A dart slug (D:1)
  2 leopard geckos
  5 orcs (D:3)
  A ball python (D:1)
  7 bats
  5 giant cockroaches
  14 hobgoblins
  3 jackals (D:2)
  2 frilled lizards
  8 goblins
  3 kobolds (D:2)
  8 rats
65 creatures vanquished.

Notes
Turn   | Place    | Note
-------+----------+-------------------------------------------
     0 | Abyss:1  | leisz the Hill Orc Abyssal Knight began the quest for the Orb.
     0 | Abyss:1  | Reached XP level 1. HP: 19/19 MP: 2/2
    26 | D:1      | Escaped the Abyss
   116 | D:1      | Reached XP level 2. HP: 27/27 MP: 4/4
   332 | D:1      | Reached ** piety under Lugonu
   335 | D:1      | Reached XP level 3. HP: 31/33 MP: 5/5
  1217 | D:2      | Reached XP level 4. HP: 36/40 MP: 6/6
  1793 | D:2      | Found an ancient bone altar of Kikubaaqudgha.
  2259 | D:3      | Noticed Natasha
  2275 | D:3      | Killed Natasha
  2275 | D:3      | Reached XP level 5. HP: 20/47 MP: 6/8
  2285 | D:3      | HP: 2/47 [orc priest/divine providence (7)]
  2289 | D:3      | Noticed Natasha
  2292 | D:3      | HP: 2/47 [Natasha (1)]
  2292 | D:3      | Killed from afar by an orc priest

Skill      XL: |  1  2  3  4 |
---------------+-------------+-----
Invocations    | 3 4 |  4.0
Fighting       | 4 |  4.6
Long Blades    | 3 |  3.3
Armour         | 3 |  3.4
Dodging        | |  0.7

Action                   |  1- 3 |  4- 6 || total
-------------------------+-------+-------++-------
Melee: Falchion          |    99 |    98 ||   197
Throw: Stone             |    64 |    79 ||   143
  Eat: Chunk             |     1 |     4 ||     5
Armor: Leather armour    |    21 |    35 ||    56
Dodge: Dodged            |    76 |    81 ||   157
       Rpst.: Falchion   |    19 |    22 ||    41
